 Dungeon Crawl Stone Soup version 0.26-a0-8-gc4d20be10f (webtiles) character file.

Game seed: 16928269953679740759, levelgen mode: deterministic

2468 HoaS the Grappler (level 9, -9/90 HPs)
             Began as a Gargoyle Berserker on May 24, 2020.
             Was a High Priest of Trog.
             Mangled by an orc knight
             ... wielding a +0 war axe
              (15 damage)
             ... in a bailey.
             The game lasted 00:16:41 (6215 turns).

HoaS the Grappler (Gargoyle Berserker)              Turns: 6215, Time: 00:16:41

Health: -9/90      AC: 19    Str: 20    XL:     9   Next: 51%
Magic:  9/9        EV:  6    Int:  9    God:    Trog [*****.]
Gold:   244        SH:  0    Dex: 18    Spells: 8/8 levels left

rFire    . . .     SeeInvis .     - Unarmed
rCold    . . .     Gourm    .   (no shield)
rNeg     + . .     Faith    .   n - +0 plate armour
rPois    ∞         Spirit   .   A - +0 helmet
rElec    +         Reflect  .   (no cloak)
rCorr    .         Harm     .   (no gloves)
MR       ++...                  y - +0 pair of boots
Stlth    ..........             c - amulet of regeneration (curse)
HPRegen  1.65/turn              g - +6 ring of dexterity
MPRegen  0.11/turn              (no ring)

@: berserking, regenerating, very quick
A: negative energy resistance 1, electricity resistance, unbreathing,
petrification resistance, rot immunity, AC +6
a: Berserk, Trog's Hand, Brothers in Arms, Renounce Religion


You were in a bailey.
You worshipped Trog.
Trog was extremely pleased with you.
You were near starving.

You visited 1 branch of the dungeon, and saw 7 of its levels.
You also visited: Bailey.

You collected 244 gold pieces.

Inventory:

Missiles
 s - 2 boomerangs (quivered)
Armour
 n - a +0 plate armour (worn)
 y - a +0 pair of boots (worn)
 A - a +0 helmet (worn)
Jewellery
 c - a cursed amulet of regeneration (around neck)
 g - a +6 ring of dexterity (left hand)
Scrolls
 a - 2 scrolls of teleportation
 f - 4 scrolls of identify
 v - 3 scrolls of magic mapping
 w - a scroll of immolation {unknown}
 x - a scroll of fog {unknown}
Potions
 d - 4 potions of curing {unknown}
 e - 2 potions of invisibility {unknown}
 h - 2 potions of magic {unknown}
 j - 3 potions of haste {unknown}
 r - a potion of degeneration {unknown}
 t - 2 potions of stabbing {unknown}
 z - a potion of might {unknown}
Comestibles
 b - 11 rations
 k - 5 chunks of flesh


   Skills:
 + Level 8.6 Fighting
 - Level 2.1 Armour
 - Level 1.5 Dodging
 * Level 10.6 Unarmed Combat


You had 8 spell levels left.
You didn't know any spells.
Your spell library was empty.

Dungeon Overview and Level Annotations

Branches:
Dungeon (7/15)             Temple (0/1) D:6          Bailey (1/1)

Altars:
Ashenzari
Fedhas

Shops:
D:6 !


Innate Abilities, Weirdness & Mutations

You are resistant to torment.
Your stone body is resilient. (AC +6)
You are immune to poison.
You resist negative energy. (rN+)
You are resistant to electric shocks. (rElec)
You can survive without breathing.
You are immune to petrification.
You are immune to rotting.


Message History

You punch the orc knight!
The orc knight is severely wounded.
You closely miss the orc knight. Your punch misses the orc knight.
The orc knight is severely wounded.
The orc knight hits you with a +0 war axe.
* * * LOW HITPOINT WARNING * * *
Your plate armour prevents you from hitting the orc knight.
The orc knight is severely wounded.
You punch the orc knight!
The orc knight is almost dead.
You hit the orc knight.
The orc knight is almost dead.
The orc knight hits you with a +0 war axe!
* * * LOW HITPOINT WARNING * * *
You closely miss the orc knight.
The orc knight is almost dead.
You barely miss the orc knight.
The orc knight is almost dead.
The orc knight hits you with a +0 war axe!
You die...

#^..K≈.≈KKK.#
#'###≈g≈###+#
#..KK≈g≈K..^#
#'###≈g≈###+#
#...K≈o≈(...#
#'###≈g≈###'#
#(..K≈o≈((.(#
#'###≈o≈###'#
#∩...≈@≈...∩#
######'######
##.∩.##
#8...8#
##.∩.## ##8##
###


You could see 2 orc knights, an orc warrior (strong), a gnoll, 2 hobgoblins, a
goblin and 4 kobolds.

Vanquished Creatures
  A hippogriff (D:7)
  Menkaure (D:7)
  A black bear (D:6)
  A sky beast (D:6)
  An ice beast (D:6)
  An orc warrior (Bailey)
  2 phantoms
  A centaur (D:5)
  2 ogres (D:4)
  A bullfrog (D:6)
  A scorpion (D:6)
  5 killer bees (D:7)
  7 wights (D:6)
  A bullfrog zombie (D:4)
  A hound (D:4)
  An orc priest (D:3)
  A jelly (D:7)
  An orc wizard (D:5)
  2 iguanas
  8 worker ants
  A worker ant zombie (D:6)
  9 gnolls
  16 adders
  2 oozes
  An adder skeleton (D:2)
  5 worms
  5 dart slugs
  4 leopard geckos
  12 orcs
  7 bats
  9 giant cockroaches
  7 goblins
  13 hobgoblins
  10 jackals (D:1)
  3 quokkas
  7 ball pythons
  A ball python zombie (D:2)
  4 frilled lizards
  12 kobolds
  A leopard gecko skeleton (D:4)
  A leopard gecko zombie (D:5)
  A quokka skeleton (D:6)
  8 rats
179 creatures vanquished.

Notes
Turn   | Place    | Note
-------+----------+-------------------------------------------
     0 | D:1      | HoaS the Gargoyle Berserker began the quest for the Orb.
     0 | D:1      | Reached XP level 1. HP: 14/14 MP: 1/1
   381 | D:1      | Reached XP level 2. HP: 19/19 MP: 2/2
   501 | D:1      | You fall into a shaft and drop 1 floor!
   890 | D:1      | Reached XP level 3. HP: 24/24 MP: 3/3
   901 | D:1      | Reached ** piety under Trog
   950 | D:1      | Reached skill level 4 in Unarmed Combat
  1589 | D:2      | Reached XP level 4. HP: 17/29 MP: 4/4
  2334 | D:2      | Reached XP level 5. HP: 34/34 MP: 5/5
  2510 | D:2      | Reached skill level 5 in Unarmed Combat
  2982 | D:3      | Reached *** piety under Trog
  2987 | D:3      | Reached XP level 6. HP: 29/40 MP: 6/6
  3125 | D:3      | Reached skill level 5 in Fighting
  3392 | D:3      | Reached skill level 6 in Unarmed Combat
  3778 | D:4      | Reached XP level 7. HP: 44/44 MP: 7/7
  3996 | D:4      | Reached **** piety under Trog
  3996 | D:4      | Reached skill level 7 in Unarmed Combat
  4408 | D:5      | Entered Level 5 of the Dungeon
  4699 | D:5      | Reached XP level 8. HP: 27/52 MP: 8/8
  4942 | D:5      | You fall into a shaft and drop 1 floor!
  4989 | D:5      | Reached skill level 8 in Unarmed Combat
  5002 | D:5      | Found a blossoming altar of Fedhas.
  5166 | D:6      | Found a staircase to the Ecumenical Temple.
  5399 | D:6      | Reached skill level 9 in Unarmed Combat
  5497 | D:6      | Reached ***** piety under Trog
  5653 | D:6      | Reached XP level 9. HP: 51/58 MP: 9/9
  5821 | D:6      | Found Jazxagiq's Distillery.
  5888 | D:6      | Found a shattered altar of Ashenzari.
  6012 | D:7      | Reached skill level 10 in Unarmed Combat
  6064 | D:7      | Found a flagged portal.
  6088 | D:7      | Noticed Menkaure
  6109 | D:7      | Killed Menkaure
  6119 | Bailey   | Entered a bailey
  6176 | Bailey   | Noticed an orc knight
  6176 | Bailey   | Noticed an orc knight
  6213 | Bailey   | HP: 4/90 [orc knight/+0 war axe (7)]
  6215 | Bailey   | Mangled by an orc knight

Illustrated notes

Levels and vault maps discovered:
D:1:      lemuel_arrival_cross, layout_loops_ring
D:2:      layout_loops_cross, first_ration, minmay_divided_ellipse
D:3:      layout_rooms, minmay_snake_closets
D:4:      layout_basic
D:5:      layout_rooms, fedhas_bush_and_centaur_altar
D:6:      layout_cave_pools, lemuel_coloured_pillars_altar,
          minmay_temple_entry_statues_pillars, serial_shops, shop
D:7:      layout_basic, enter_bailey_2, uniq_menkaure, uniq_harold
Bailey:   bailey_axe_1, bailey

Skill      XL: |  1  2  3  4  5  6  7  8  9 |
---------------+----------------------------+-----
Unarmed Combat | 4 5 6 7 9 10 | 10.6
Fighting       | 4 5 6 7 8 |  8.6
Armour         | |  2.1
Dodging        | |  1.5

Action                   |  1- 3 |  4- 6 |  7- 9 || total
-------------------------+-------+-------+-------++-------
Melee: Unarmed           |   205 |   292 |   328 ||   825
       Punch             |     5 |     4 |    15 ||    24
Throw: Dart              |       |       |     8 ||     8
Invok: Berserk           |       |     1 |     2 ||     3
       Trog's Hand       |       |       |     2 ||     2
       Brothers in Arms  |       |       |     1 ||     1
  Use: Scroll            |       |       |     9 ||     9
  Eat: Chunk             |     2 |     8 |    10 ||    20
Armor: Animal skin       |    14 |       |       ||    14
       Chain mail        |    95 |   180 |       ||   275
       Plate armour      |       |       |   359 ||   359
Dodge: Dodged            |    70 |   120 |   196 ||   386

Table legend:
 A = Non-vault XP
 B = Vault XP
 C = Vault XP percentage of total XP
 D = Non-vault monster count
 E = Vault monster count
 F = Vault count percentage of total count
                 A         B        C        D         E       F
            +---------+---------+-------+---------+---------+-------
      Total |    2983 |     544 |  15.4 |     148 |      31 |  17.3
            +---------+---------+-------+---------+---------+-------
        D:1 |      67 |       0 |   0.0 |      30 |       0 |   0.0
        D:2 |      86 |      40 |  31.7 |      24 |      12 |  33.3
        D:3 |     209 |      75 |  26.4 |      30 |      10 |  25.0
        D:4 |     420 |       0 |   0.0 |      15 |       0 |   0.0
        D:5 |     318 |     115 |  26.6 |      20 |       1 |   4.8
        D:6 |    1163 |       0 |   0.0 |      18 |       0 |   0.0
        D:7 |     720 |     175 |  19.6 |      11 |       1 |   8.3
     Bailey |       0 |     139 | 100.0 |       0 |       7 | 100.0
            +---------+---------+-------+---------+---------+-------
